 Dungeon Crawl Stone Soup version 0.31-a0-986-g5e6e4ef867 (webtiles) character file.

Game seed: 17669495669941134098

446 billz999 the Magician (level 6, -2/32 HPs)
             Began as a Deep Elf Air Elementalist on Nov 8, 2023.
             Was a Plaything of Xom.
             Slain by a water moccasin (5 damage)
             ... on level 5 of the Dungeon.
             The game lasted 00:11:10 (4921 turns).

billz999 the Magician (Deep Elf Air Elementalist)   Turns: 4921, Time: 00:11:10

Health: -2/32      AC:  3    Str:  5    XL:     6   Next: 73%
Magic:  11/15      EV: 11    Int: 22    God:    Xom [....*.]
Gold:   225        SH:  5    Dex: 15    Spells: 12/15 levels left

rFire   . . .        x - +0 flail (venom)
rCold   . . .        l - +0 buckler
rNeg    . . .        a - +0 robe
rPois   .            (no helmet)
rElec   .            t - +0 cloak
rCorr   .            (no gloves)
SInv    .            (no boots)
Will    .....        (no amulet)
Stlth   ++           (no ring)
HPRegen 0.25/turn    (no ring)
MPRegen 0.14/turn

%: no passive effects
@: cleaving
A: no striking features
a: Renounce Religion


You were on level 5 of the Dungeon.
You worshipped Xom.
You were a beloved toy of Xom.
You visited 1 branch of the dungeon, and saw 5 of its levels.

You collected 225 gold pieces.

Inventory:

Hand Weapons
 d - a +0 dagger
 x - a +0 flail of venom (weapon)
Missiles
 g - 2 javelins
Armour
 a - a +0 robe (worn)
 l - a +0 buckler (worn)
 q - a +0 ring mail
 r - the +3 ring mail of the Pit {rF+ rC+ Int-4}
   (You found it on level 3 of the Dungeon)

   Int-4:     It affects your intelligence (-4).
   rF+:       It protects you from fire.
   rC+:       It protects you from cold.
 t - a +0 cloak (worn)
 A - a +0 pair of gloves
Talismans
 y - a serpent talisman
Scrolls
 h - 2 scrolls of identify
 i - a scroll of fog {unknown}
 m - a scroll of enchant armour {unknown}
 o - 2 scrolls of teleportation {unknown}
 p - 2 scrolls of poison {unknown}
 s - a scroll of noise {unknown}
 w - a scroll of enchant weapon {unknown}
 z - a scroll of acquirement {unknown}
Potions
 b - a potion of magic
 c - a potion of brilliance
 e - a potion of might
 f - a potion of resistance {unknown}
 j - 2 potions of heal wounds
 k - 3 potions of degeneration {unknown}
 n - 2 potions of curing
 u - a potion of enlightenment
 v - 2 potions of invisibility {unknown}


   Skills:
 - Level 2.4 Dodging
 - Level 2.4 Stealth
 + Level 3.9 Shields
 - Level 5.0 Spellcasting
 - Level 3.5 Conjurations
 - Level 3.6 Air Magic


You had 12 spell levels left.
You knew the following spells:

 Your Spells              Type           Power      Damage    Failure   Level
a - Shock                 Conj/Air       84%        1d8       4%          1
b - Static Discharge      Conj/Air       42%        3-5/arc   6%          2

Your spell library contained the following spells:

 Spells                   Type           Power      Damage    Failure   Level
 Swiftness                Air            21%        N/A       12%         3
 Airstrike                Air            10%        2d(2-18)  36%         4


Dungeon Overview and Level Annotations

Branches:
Dungeon (5/15)
 Temple: D:4-7

Altars:
Xom
Yredelemnul

Shops:
D:1 (   D:2 =

Annotations:
D:3 Terence
D:4 Menkaure
D:5 Grinder


Message History

The gnoll hits you from afar with a +0 spear!
You emit a cloud of colourful smoke!
The gnoll hits you from afar with a +0 spear of freezing.
The gnoll freezes you.
Your ice devil misses the gnoll.
Grinder blinks!
The gnoll hits you with a +0 club.
The gnoll hits you from afar with a +0 spear.
Your ice devil barely misses the gnoll.
Your white imp hits the gnoll.
Your white imp freezes the gnoll.
The gnoll hits your quasit with a +0 spear of freezing.
The gnoll freezes your quasit. The gnoll hits you with a +0 club.
* * * LOW HITPOINT WARNING * * *
The gnoll hits your ice devil with a +0 spear.
Your quasit bites the gnoll.
Your quasit closely misses the gnoll.
Your quasit claws the gnoll.
Your iron imp closely misses the gnoll.
Your white imp hits the gnoll but does no damage.
The gnoll hits your quasit with a +0 spear of freezing.
The gnoll attacks as it pursues you! The gnoll hits you with a +0 club.
* * * LOW HITPOINT WARNING * * *
Your ice devil hits the gnoll!
The gnoll dies!
Your quasit bites the gnoll.
Your quasit claws the gnoll.
Your quasit claws the gnoll but does no damage.
Your quasit bites the gnoll.
Your quasit claws the gnoll but does no damage.
Your quasit barely misses the gnoll.
You block the gnoll's attack.
The gnoll completely misses your quasit.
Your iron imp hits the gnoll!
The gnoll dies!
Your quasit misses the gnoll.
Your quasit claws the gnoll.
The gnoll dies!
The gnoll hits you from afar with a +0 spear.
* * * LOW HITPOINT WARNING * * *
The gnoll attacks as it pursues you! The gnoll hits you but does no damage.
The water moccasin misses you.
Your iron imp barely misses the gnoll sergeant.
There is a stone staircase leading up, spattered with blood here.
Okay, then.
The water moccasin bites you.
You die... #......#..#...####...# #......##.5#.....###.. #....)).##5g)..#... .g #######.)§5........ gS.

####..§55g......
#.....§4§.......
#....###..ggg......
..## #..gS)......
#...@.......
##..)..)....
##.....#...
..........
##...##### #...#
#...# #####


You could see a water moccasin, a gnoll sergeant, 5 gnolls, a friendly ice devil
(summoned), a friendly iron imp (summoned), a friendly quasit (summoned), a
friendly white imp (summoned), a friendly shadow imp (summoned) and a friendly
ufetubus (summoned).

Vanquished Creatures
  An orc priest (D:4)
  A sleepcap (D:4)
  Jessica (D:2)
  2 orc wizards (D:4)
  14 gnolls
  4 adders
  A worm (D:2)
  4 dart slugs
  5 orcs
  9 endoplasms
  4 giant cockroaches
  9 goblins
  14 hobgoblins
  3 jackals (D:1)
  5 kobolds
  5 quokkas
  4 ball pythons
  5 bats
  5 frilled lizards
  4 rats
100 creatures vanquished.

Vanquished Creatures (collateral kills)
  3 gnolls (D:5)
3 creatures vanquished.

Grand Total: 103 creatures vanquished

Notes
Turn   | Place    | Note
-------+----------+-------------------------------------------
     0 | D:1      | billz999 the Deep Elf Air Elementalist began the quest for
                  | the Orb.
     0 | D:1      | Reached XP level 1. HP: 10/10 MP: 6/6
   263 | D:1      | Reached XP level 2. HP: 15/15 MP: 6/8
   501 | D:1      | Found a faded altar of an unknown god.
   633 | D:1      | Prayed at the altar of an unknown god.
   633 | D:1      | Became a worshipper of Xom of Chaos
   704 | D:1      | XOM: divination: detect creatures
   772 | D:1      | XOM: silly message
   899 | D:1      | Reached XP level 3. HP: 18/19 MP: 6/10
  1169 | D:1      | Found Riabuucs's Weapon Shop.
  1218 | D:1      | Reached skill level 4 in Spellcasting
  1439 | D:2      | XOM: noise
  1451 | D:2      | Reached XP level 4. HP: 11/24 MP: 4/12
  1626 | D:2      | Noticed Jessica
  1630 | D:2      | Killed Jessica
  1768 | D:2      | Found a basalt altar of Yredelemnul.
  1816 | D:2      | Found Jiobryk's Jewellery Emporium.
  1848 | D:2      | XOM: smoke on damage
  2185 | D:2      | Reached skill level 5 in Spellcasting
  2551 | D:3      | Reached XP level 5. HP: 28/28 MP: 10/14
  2575 | D:3      | Noticed Terence
  2575 | D:3      | XOM: 7-stop teleportation journey
  2863 | D:3      | Identified the +3 ring mail of the Pit {rF+ rC+ Int-4}
  2949 | D:3      | Learned a level 2 spell: Static Discharge
  3102 | D:3      | XOM: butterfly on damage
  3104 | D:3      | XOM: butterfly on damage
  3334 | D:3      | XOM: god gift: 18 gold pieces
  3553 | D:4      | Reached skill level 1 in Shields
  3649 | D:4      | XOM: stat loss: -1 Int (21/22)
  3708 | D:4      | Identified the +6 whip of Disharmony {vamp, rElec MP+9}
  3869 | D:4      | XOM: 1-stop teleportation journey
  4034 | D:4      | XOM: god gift: 53 gold pieces
  4038 | D:4      | Reached XP level 6. HP: 32/32 MP: 10/15
  4101 | D:4      | XOM: god gift: 4 stones
  4273 | D:4      | XOM: stat loss: -1 Str (4/5)
  4324 | D:4      | Noticed Menkaure
  4338 | D:4      | XOM: confuse monster(s)
  4483 | D:4      | XOM: smoke on damage
  4498 | D:4      | XOM: god gift: pair of gloves {god gift}
  4518 | D:4      | XOM: confuse monster(s)
  4648 | D:5      | Entered Level 5 of the Dungeon
  4660 | D:5      | XOM: butterfly on damage
  4901 | D:5      | XOM: cleaving
  4903 | D:5      | Noticed a water moccasin
  4909 | D:5      | XOM: summons 6 friendly demons
  4910 | D:5      | Noticed Grinder
  4916 | D:5      | XOM: smoke on damage
  4921 | D:5      | Slain by a water moccasin

Illustrated notes

Levels and vault maps discovered:
D:1:      ncdulo_watergridlock, layout_loops_ring,
          chequers_ecumenical_altar_twisty, serial_shops, nicolae_lakefront_shop
D:2:      layout_basic, serial_shops, nicolae_diamond_shop, basic_altar,
          uniq_jessica
D:3:      layout_loops_ring, minmay_misc_feat_plants, minmay_misc_feat_room,
          minmay_pentomino_pile, uniq_terence
D:4:      layout_loops_ring, uniq_menkaure
D:5:      layout_rooms, minmay_temple_entry_antechambers, uniq_edmund,
          uniq_blork_the_orc, uniq_grinder

Skill      XL: |  1  2  3  4  5  6 |
---------------+-------------------+-----
Conjurations   | 2 3 |  3.5
Spellcasting   | 4 5 |  5.0
Shields        | 2 3 |  3.9
Dodging        | |  2.4
Stealth        | |  2.4
Air Magic      | |  3.6

Action                     |  1- 3 |  4- 6 || total
---------------------------+-------+-------++-------
  Melee: Flail             |       |     1 ||     1
   Cast: Shock             |    79 |   166 ||   245
         Static Discharge  |       |    10 ||    10
    Use: Scroll            |       |     5 ||     5
 Armour: Robe              |     5 |    42 ||    47
  Dodge: Dodged            |    14 |    11 ||    25
  Block: Buckler           |       |     6 ||     6

Table legend: (Time is in decaauts)
 A = Elapsed time spent in this place.
 B = Non-inter-level travel time spent in this place.
 C = Inter-level travel time spent in this place.
 D = Time resting spent in this place.
 E = Time spent auto-exploring this place.
 F = Levels seen in this place.
 G = Mean time per level.
                   A        B        C        D        E       F      G
               +--------+--------+--------+--------+--------+-----+--------+
         Total |   4926 |   4704 |    222 |    736 |   3310 |   5 |  985.2 |
       Dungeon |   4926 |   4704 |    222 |    736 |   3310 |   5 |  985.2 |
               +--------+--------+--------+--------+--------+-----+--------+

Top non-repeatable levels by time:
     D:2: 1321 daAuts
     D:1: 1307 daAuts
     D:4: 1211 daAuts
     D:3: 921 daAuts
     D:5: 165 daAuts
